 Dungeon Crawl Stone Soup version 0.30-a0-808-g6e0788376e (webtiles) character file.

Game seed: 18294624368921936760

23 ZeroWinrate the Covert (level 2, -1/29 HPs)
             Began as a Gnoll Delver on Feb 26, 2023.
             Slain by an orc
             ... wielding a +0 trident
              (5 damage)
             ... on level 3 of the Dungeon.
             The game lasted 00:03:13 (881 turns).

ZeroWinrate the Covert (Gnoll Delver)                Turns: 881, Time: 00:03:13

Health: -1/29      AC:  5    Str: 11    XL:     2   Next: 95%
Magic:  2/2        EV: 13    Int:  9    God:
Gold:   31         SH:  0    Dex: 13    Spells: 2/2 levels left

rFire   . . .      SeeInvis .    a - +0 hand axe
rCold   . . .      Faith    .    (no shield)
rNeg    . . .      Spirit   .    b - +0 leather armour
rPois   +          Reflect  .    (no helmet)
rElec   .          Harm     .    (no cloak)
rCorr   .          Rampage  .    (no gloves)
Will    .....      NoTele   +    o - +1 pair of boots of the End {-Tele rPois Slay+3}
Stlth   ++++                     (no amulet)
HPRegen 0.24/turn                (no ring)
MPRegen 0.08/turn                (no ring)

@: no status effects
A: fangs 1, strong nose, distributed training
a: no special abilities


You were on level 3 of the Dungeon.
You visited 1 branch of the dungeon, and saw 4 of its levels.

You collected 31 gold pieces.

Inventory:

Hand Weapons
 a - a +0 hand axe (weapon)
Armour
 b - a +0 leather armour (worn)
 o - the +1 pair of boots of the End (worn) {-Tele rPois Slay+3}
   (You found it on level 3 of the Dungeon)

   Slay:      It affects your accuracy & damage with ranged weapons and melee
   (+3).
   rPois:     It protects you from poison.
   -Tele:     It prevents most forms of teleportation.
Wands
 g - a wand of digging (3)
 m - a wand of roots (4)
 q - a wand of mindburst (7)
Scrolls
 c - a scroll of fog
 e - a scroll of fear
 h - a scroll of amnesia {unknown}
 k - a scroll of teleportation {unknown}
 l - 2 scrolls of enchant armour {unknown}
Potions
 d - a potion of mutation {unknown}
 f - 2 potions of haste
 i - 2 potions of might {unknown}
 j - 2 potions of brilliance {unknown}
 n - a potion of ambrosia {unknown}
 p - a potion of heal wounds {unknown}


   Skills:
 + Level 6.5 Fighting
 + Level 0.5 Short Blades
 + Level 0.5 Long Blades
 + Level 4.5 Axes
 + Level 0.5 Maces & Flails
 + Level 0.5 Polearms
 + Level 0.5 Staves
 + Level 0.5 Ranged Weapons
 + Level 0.5 Throwing
 + Level 0.5 Armour
 + Level 4.5 Dodging
 + Level 9.5 Stealth
 + Level 0.5 Shields
 + Level 0.5 Unarmed Combat
 + Level 0.5 Spellcasting
 + Level 0.4 Conjurations
 + Level 0.4 Hexes
 + Level 0.4 Summonings
 + Level 0.4 Necromancy
 + Level 0.4 Translocations
 + Level 0.4 Transmutations
 + Level 0.4 Fire Magic
 + Level 0.4 Ice Magic
 + Level 0.4 Air Magic
 + Level 0.4 Earth Magic
 + Level 0.4 Poison Magic
 + Level 0.7 Invocations
 + Level 0.5 Evocations


You had 2 spell levels left.
You didn't know any spells.
Your spell library was empty.

Dungeon Overview and Level Annotations

Branches:
Dungeon (6/15)
 Temple: D:4-7

Altars:
Wu Jian

Shops:
D:4 *


Innate Abilities, Weirdness & Mutations

You have very sharp teeth.
Your uncanny sense of smell can sniff out nearby items.
Your experience applies equally to all skills.


Message History

The jackal barks!
You hear a bark!
You hear a shout!
You hear an angry hiss.
What are your orders? t - Bark!
Orders for allies: a - Attack new target. r - Retreat! s - Stop attacking. g - Guard the area. f - Follow me.
Anything else - Cancel.
You bark for attention!
The adder hisses angrily.
You hear a bark!
You barely miss the adder. The adder closely misses you.
You closely miss the adder. The adder bites you but does no damage.
You closely miss the adder. The adder bites you. The adder barely misses you.
You hit the adder.
The adder is lightly wounded.
The adder bites you.
You barely miss the adder.
The adder is lightly wounded.
The adder bites you but does no damage.
You completely miss the adder.
The adder is lightly wounded.
The adder bites you. The adder barely misses you.
You barely miss the adder.
The adder is lightly wounded.
The adder barely misses you.
The orc hits you from afar with a +0 trident.
You hit the adder.
The adder is severely wounded.
The adder completely misses you.
The orc hits you from afar with a +0 trident.
The adder bites you.
You completely miss the adder.
The adder is severely wounded.
The orc hits you from afar with a +0 trident!
* * * LOW HITPOINT WARNING * * *
The adder bites you but does no damage.
You closely miss the adder. Your punch misses the adder.
The adder is severely wounded.
The adder barely misses you.
The orc hits you from afar with a +0 trident.
You die...

#~~~~~≈≈♣♣♣
#P~~~≈≈≈≈~♣♣♣
##~~~≈≈≈≈≈~~≈~
#..PP~~~~~~~~≈
#.............
#..♣~~~~P~≈~~~
#oh♣~~~P~h~≈~~
##S#~~~~~o~≈~~
#@##♣♣~~h~≈≈~
#..# ♣♣~h~≈h
##.###♣♣♣♣~~~
#.....♣


~hh #####.# #.# #.# #.# #.# You could see an adder, an orc and a jackal.

Vanquished Creatures
  An adder (D:5)
  A dart slug (D:3)
  An orc (D:3)
  A ball python (D:3)
  A goblin (D:3)
  3 hobgoblins
  A bat (D:3)
  A frilled lizard (D:3)
  A kobold (D:3)
11 creatures vanquished.

Vanquished Creatures (others)
  20 plants (D:3)
20 creatures vanquished.

Grand Total: 31 creatures vanquished

Notes
Turn   | Place    | Note
-------+----------+-------------------------------------------
     0 | D:5      | Reached skill level 9 in Stealth
     0 | D:5      | ZeroWinrate the Gnoll Delver began the quest for the Orb.
     0 | D:5      | Reached XP level 1. HP: 23/23 MP: 1/1
    26 | D:5      | Noticed an orc priest
    57 | D:6      | Noticed a kobold brigand
   115 | D:5      | Reached XP level 2. HP: 3/29 MP: 2/2
   358 | D:5      | Noticed a scorpion
   459 | D:5      | Noticed an ogre
   466 | D:4      | Found Wauc's Assorted Antiques.
   611 | D:3      | Identified the +1 pair of boots of the End {-Tele rPois
                  | Slay+3}
   695 | D:3      | Found an ornate altar of the Wu Jian Council.
   881 | D:3      | Slain by an orc

Illustrated notes

Levels and vault maps discovered:
D:3:      minmay_angry_zag, layout_loops_ring, mainiacjoe_overflow_tiny_flanked,
          cheibrodos_worm_habitat, ebering_ecumenical_altar_webs,
          hangedman_decor_clover_reticule, grunt_ministairs_2,
          serial_bayou_lagoon_b
D:4:      layout_loops_ring, kennysheep_mini_moat, kennysheep_little_box,
          mainiacjoe_overflow_divided_tiny, serial_shops, nicolae_shop_stone,
          nicolae_shop_hallway_stairs
D:5:      layout_basic, uniq_pikel
D:6:      layout_loops_ring, mainiacjoe_overflow_chevrons,
          mainiacjoe_overflow_concentric_impassable, uniq_maggie, uniq_edmund

Skill      XL: | |
---------------+-+-----
Stealth        | |  9.5
Fighting       | |  6.5
Short Blades   | |  0.5
Long Blades    | |  0.5
Axes           | |  4.5
Maces & Flails | |  0.5
Polearms       | |  0.5
Staves         | |  0.5
Ranged Weapons | |  0.5
Throwing       | |  0.5
Armour         | |  0.5
Dodging        | |  4.5
Shields        | |  0.5
Unarmed Combat | |  0.5
Spellcasting   | |  0.5
Conjurations   | |  0.4
Hexes          | |  0.4
Summonings     | |  0.4
Necromancy     | |  0.4
Translocations | |  0.4
Transmutations | |  0.4
Fire Magic     | |  0.4
Ice Magic      | |  0.4
Air Magic      | |  0.4
Earth Magic    | |  0.4
Poison Magic   | |  0.4
Invocations    | |  0.7
Evocations     | |  0.5

Action                     || total
---------------------------++-------
  Melee: Hand axe          ||    49
         Bite              ||     3
         Punch             ||     1
    Use: Scroll            ||     1
   Stab: Sleeping          ||     5
         Distracted        ||     1
 Armour: Leather armour    ||    12
  Dodge: Dodged            ||    35

Table legend: (Time is in decaauts)
 A = Elapsed time spent in this place.
 B = Non-inter-level travel time spent in this place.
 C = Inter-level travel time spent in this place.
 D = Time resting spent in this place.
 E = Time spent auto-exploring this place.
 F = Levels seen in this place.
 G = Mean time per level.
                   A        B        C        D        E       F      G
               +--------+--------+--------+--------+--------+-----+--------+
         Total |    886 |    886 |      0 |    255 |    170 |   4 |  221.5 |
       Dungeon |    886 |    886 |      0 |    255 |    170 |   4 |  221.5 |
               +--------+--------+--------+--------+--------+-----+--------+

Top non-repeatable levels by time:
     D:5: 443 daAuts
     D:3: 380 daAuts
     D:4: 39 daAuts
     D:6: 23 daAuts
